 Dungeon Crawl Stone Soup version 0.20-a0-1006-ge6c5631 (webtiles) character file.

53 MTVSty1e the Skirmisher (level 3, 0/48 HPs)
             Began as a Bultungin Wanderer on Apr 13, 2017.
             Succumbed to a gnoll's poison
             ... on level 2 of the Dungeon.
             The game lasted 00:03:03 (905 turns).

MTVSty1e the Skirmisher (Bultungin Wanderer)         Turns: 905, Time: 00:03:03

Health: 0/48       AC: 21    Str: 15    XL:     3   Next: 89%
Magic:  4/4        EV:  2    Int: 11    God:
Gold:   127        SH:  0    Dex: 16    Spells: 2/2 levels left

rFire    . . .     SeeInvis +   a - +2 dagger
rCold    . . .     Gourm    .   (no shield)
rNeg     + + +     Faith    .   (armour currently unavailable)
rPois    +         Spirit   .   (helmet currently unavailable)
rElec    .         Reflect  .   (cloak currently unavailable)
rCorr    .         Harm     .   (gloves currently unavailable)
MR       .....     NoTele   +   (boots currently unavailable)
Stlth    ++........             (no amulet)
Regen    0.2/turn               (no ring)
MPRegen  0.1/turn               (no ring)

@: mighty, lethally poisoned (0 -> -22), tree-form
A: short attention span, see invisible, strong nose
a: no special abilities


You were on level 2 of the Dungeon.
You were not hungry.
You were a tree.
You visited 1 branch of the dungeon, and saw 2 of its levels.

You collected 127 gold pieces.

Inventory:

Hand Weapons
 a - a +2 dagger (weapon)
 c - a +0 shortbow
Missiles
 d - 20 arrows
Armour
 f - a +0 robe
 h - +0 fire dragon scales (melded)
Jewellery
 r - an uncursed ring of protection from cold {unknown}
Scrolls
 b - a scroll of fear
 i - 2 scrolls of remove curse {unknown}
 k - a scroll of fog {unknown}
 l - 2 scrolls of identify {unknown}
 n - a scroll of immolation {unknown}
 o - a scroll of enchant weapon {unknown}
 q - a scroll of amnesia {unknown}
Comestibles
 g - a bread ration


   Skills:
 * Level 4.8 Fighting
 + Level 2.0 Short Blades
   Level 1.5 Axes
 - Level 3.0 Bows
 + Level 3.7 Armour
 + Level 2.0 Dodging
 + Level 2.6 Stealth
   Level 1.5 Evocations


You had 2 spell levels left.
You didn't know any spells.

Dungeon Overview and Level Annotations

Branches:
Dungeon (2/15)

Altars:
Ashenzari


Innate Abilities, Weirdness & Mutations

You have a short attention span.
((You have very sharp teeth.))
You have supernaturally acute eyesight. (SInv)
Your uncanny sense of smell can sniff out nearby items.


Message History

You feel sick. The gnoll hits you but does no damage.
You feel very sick. The gnoll hits you but does no damage.
You feel sick.
You feel sick. The gnoll hits you but does no damage.
You are more poisoned.
* * * LOW HITPOINT WARNING * * *
You feel very sick. The gnoll hits you but does no damage.
* * * LOW HITPOINT WARNING * * *
You feel sick.
The gnoll hits you from afar with a halberd of venom.
* * * LOW HITPOINT WARNING * * *
* * * LOW HITPOINT WARNING * * *
You feel sick. The gnoll hits you but does no damage.
* * * LOW HITPOINT WARNING * * *
You feel sick.
The gnoll hits you from afar with a halberd of venom.
* * * LOW HITPOINT WARNING * * *
You die...

#############################
#..........g)♣..............#
#.########################.##
#........... #.# #...........
#.# #........... #.#
####........... #.#
......>........ #.#
.....#'######## #.# ###..#.##
#.#


You could see a gnoll.

Vanquished Creatures
  3 gnolls (D:2)
  2 dart slugs
  2 leopard geckos
  A bat (D:1)
  A giant cockroach (D:1)
  3 goblins
  3 hobgoblins (D:1)
  A ball python (D:2)
  A frilled lizard (D:1)
  A kobold (D:2)
  2 rats (D:1)
20 creatures vanquished.

Notes
Turn   | Place    | Note
-------+----------+-------------------------------------------
     0 | D:1      | MTVSty1e the Bultungin Wanderer began the quest for the Orb.
     0 | D:1      | MTVSty1e set off with: a +2 dagger, a scroll of fear, a +0 shortbow, 20 arrows, a potion of lignification, a +0 robe, a bread ration
     0 | D:1      | Reached XP level 1. HP: 20/20 MP: 2/2
   135 | D:1      | Reached skill level 1 in Dodging
   268 | D:1      | Reached XP level 2. HP: 24/26 MP: 3/3
   382 | D:1      | Reached skill level 1 in Short Blades
   664 | D:2      | Found a shattered altar of Ashenzari.
   690 | D:2      | Reached XP level 3. HP: 31/31 MP: 4/4
   904 | D:2      | HP: 2/48 [gnoll/halberd of venom (3)]
   905 | D:2      | Succumbed to a gnoll's poison

Vault maps used:
D:1:      dpeg_arrival_renting
D:2:      evilmike_ruin_ashenzari, nicolae_overflow_crystal_walls

Skill      XL: |  1  2  3 |
---------------+----------+-----
Dodging        | 1 2 |  2.0
Stealth        | 2 |  2.6
Short Blades   | 1 2 |  2.0
Fighting       | |  4.8
Axes           | |  1.5
Bows           | |  3.0
Armour         | |  3.7
Evocations     | |  1.5

Action                   || total
-------------------------++-------
Melee: Dagger            ||    88
       Bite              ||     5
  Use: Potion            ||     4
Armor: Fire dragon scale ||    26
       Skin              ||    17
Dodge: Dodged            ||    33
